 Dungeon Crawl Stone Soup version 0.15-a0-258-g027b8cd (webtiles) character file.

131 MrRokkomies the Vexing (level 4, -6/21 HPs)
             Began as a Vine Stalker Enchanter on Apr 27, 2014.
             Killed by divine providence
             ... invoked by an orc priest
              (14 damage)
             ... on Level 3 of the Dungeon.
             The game lasted 00:05:17 (1681 turns).

MrRokkomies the Vexing (Vine Stalker Enchanter)     Turns: 1681, Time: 00:05:20

HP  -6/21        AC  6     Str 10      XL: 4   Next: 32%
MP   0/8         EV 11     Int 16      God:
Gold 55          SH 10     Dex 18      Spells:  3 memorised,  1 level left

rFire  . . .     SeeInvis .     a - +1 dagger
rCold  . . .     Clarity  .     b - +1 robe
rNeg   . . .     Conserve .     g - +2 buckler
rPois  .         rCorr    .     (no helmet)
rElec  .         rRot     +     r - +2 cloak
SustAb . .       Spirit   +     (no gloves)
rMut   .         Warding  .     (no boots)
Saprov . . .     Stasis   .     (no amulet)
MR     .....                    (no ring)
                                n - +3 ring of dexterity

@: not resistant to hostile enchantments, stealthy
A: fangs 2, regeneration 1, magic shield, antimagic bite, no device heal
a: no special abilities


You were on level 3 of the Dungeon.
You were hungry.

You visited 1 branch of the dungeon, and saw 3 of its levels.

You collected 55 gold pieces.

Inventory:

Hand weapons
 a - a +1,+1 dagger (weapon)
Missiles
 d - 12 darts (quivered)
 w - 20 sling bullets
Armour
 b - a +1 robe (worn)
 g - a +2 buckler (worn)
 r - a +2 cloak (worn)
Magical devices
 x - a wand of slowing (11)
Comestibles
 f - 2 bread rations
 i - a snozzcumber
 j - a choko
 o - a beef jerky
 z - 3 chunks of orc flesh
Scrolls
 h - a scroll of teleportation {unknown}
 l - a scroll of immolation {unknown}
 m - a scroll of magic mapping {unknown}
 p - a scroll of enchant armour {unknown}
 q - a scroll of amnesia {unknown}
 s - 2 scrolls of remove curse {unknown}
 t - a scroll of identify
 u - a scroll of recharging {unknown}
 y - a scroll of blinking {unknown}
Jewellery
 n - a +3 ring of dexterity (left hand)
Potions
 e - a potion of heal wounds {unknown}
 k - 2 potions of curing
 v - a potion of mutation {unknown}
Books
 c - a book of Maledictions

   Spells                             Type                      Level
   *Corona                            Hexes                        1
   Sure Blade                         Hexes/Charms                 2
   *Ensorcelled Hibernation           Hexes/Ice                    2
   *Confuse                           Hexes                        3
   Dazzling Spray                     Conjuration/Hexes            3
   Enslavement                        Hexes                        4


   Skills:
 * Level 1.8 Short Blades
 - Level 0.8 Throwing
 - Level 1.5 Dodging
 - Level 2.4 Stealth
 - Level 2.1 Spellcasting
 + Level 4.6 Hexes


You had one spell level left.
You knew the following spells:

 Your Spells              Type           Power        Failure   Level  Hunger
a - Corona                Hex            ###....      4%          1    #......
b - Ensorcelled Hibernat  Hex/Ice        #.....       17%         2    ##.....
c - Confuse               Hex            ###.....     12%         3    ####...


Dungeon Overview and Level Annotations

Branches:
Dungeon (3/15)

Altars:
Cheibriados
Okawaru
Zin


Innate Abilities, Weirdness & Mutations

You are immune to rotting.
You have extremely sharp teeth.
Your natural rate of healing is unusually fast.
When hurt, damage is shared between your health and your magic reserves.
Your bite disrupts and absorbs the magic of your enemies.
Potions and wands cannot restore your HP.


Message History

Aim: an orc priest, wielding a club and wearing a ring mail The orc priest resists.
You are feeling hungry.
You block the orc priest's attack.
The orc priest's eyes start to glow.
The orc priest invokes the aid of Beogh against you.
Something smites you!
Ouch! That really hurt!
You barely miss the orc priest. You block the orc priest's attack.
You closely miss the orc priest.
The orc priest hits you but does no damage.
You hit the orc priest but do no damage.
The orc priest prays to Beogh.
You feel troubled.
Drink which item? (? for menu, Esc to quit)
You feel better.
It was a potion of curing.
The orc priest calls down the wrath of Beogh upon you.
Something smites you!
Ouch! That really hurt!
You die...

# ......##.##o## .
#....#...#..# #.
#.#.........##
#.##.#...._.....#
.........%.......#
#.#.....#...#...#
#...#.##.##...#
#............##
####.#####...####
#.....oo@...##
#.#..#o##.#########
#.#..#.##.#.......#
#.#....##%#.#####.#
#.#.##.##.#.#####.##
#.#.##............>.
#.......<.#.#####.##
###########.......#
#.......# #.#######


You could see an orc priest and 2 orcs.

Vanquished Creatures
  An orc wizard (D:3)
  A gnoll (D:1)
  A giant gecko (D:2)
  An orc (D:2)
  5 bats (D:1)
  3 goblins (D:1)
  10 hobgoblins
  3 jackals (D:1)
  4 kobolds
  A ball python (D:3)
  2 giant cockroaches (D:2)
  A giant newt (D:2)
  5 rats
38 creatures vanquished.

Notes
Turn   | Place    | Note
--------------------------------------------------------------
     0 | D:1      | MrRokkomies, the Vine Stalker Enchanter, began the quest for the Orb.
     0 | D:1      | Reached XP level 1. HP: 9/9 MP: 3/3
    94 | D:1      | Reached skill level 1 in Short Blades
   176 | D:1      | Reached XP level 2. HP: 10/13 MP: 3/5
   182 | D:1      | Learned a level 2 spell: Ensorcelled Hibernation
   580 | D:2      | Reached XP level 3. HP: 14/16 MP: 0/7
   929 | D:2      | Found a glowing silver altar of Zin.
  1029 | D:2      | Reached skill level 4 in Hexes
  1151 | D:2      | Found a snail-covered altar of Cheibriados.
  1596 | D:3      | Found an iron altar of Okawaru.
  1629 | D:3      | Reached XP level 4. HP: 14/21 MP: 4/8
  1665 | D:3      | Learned a level 3 spell: Confuse
  1681 | D:3      | Killed from afar by an orc priest

Action                   |  1- 3 |  4- 6 || total
-------------------------+-------+-------++-------
Melee: Dagger            |   108 |     3 ||   111
 Cast: Ensorcelled Hiber |    12 |     3 ||    15
  Use: Scroll            |     1 |       ||     1
       Potion            |       |     1 ||     1
 Stab: Sleeping          |     8 |       ||     8
